 Dungeon Crawl Stone Soup version 0.29.1-1-gd02db6906a (webtiles) character file.

Game seed: 16698893299028379866

350 whatisthis the Trooper (level 6, -7/66 HPs)
             Began as an Ogre Fighter on Oct 13, 2022.
             Mangled by an ogre
             ... wielding a +0 giant club
              (11 damage)
             ... on level 4 of the Dungeon.
             The game lasted 00:30:54 (2534 turns).

whatisthis the Trooper (Ogre Fighter)               Turns: 2534, Time: 00:30:55

Health: -7/66      AC:  4    Str: 22 (23) XL:     6   Next: 61%
Magic:  6/6        EV:  8    Int:  8 (9)  God:
Gold:   144        SH:  7    Dex:  5 (8)  Spells: 5/5 levels left

rFire   . . .      SeeInvis .   a - +0 war axe
rCold   . . .      Faith    .   c - +0 kite shield
rNeg    . . .      Spirit   .   h - +0 robe
rPois   .          Reflect  .   (helmet restricted)
rElec   .          Harm     .   n - +0 cloak
rCorr   .          Rampage  .   (gloves unavailable)
Will    .....                   (boots unavailable)
Stlth   +.........              f - amulet of regeneration
HPRegen 1.01/turn               (no ring)
MPRegen 0.10/turn               (no ring)

@: studying Unarmed Combat
A: large, unfitting armour, tough skin 1
a: no special abilities


You were on level 4 of the Dungeon.
You visited 1 branch of the dungeon, and saw 6 of its levels.

You collected 144 gold pieces.

Inventory:

Hand Weapons
 a - a +0 war axe (weapon)
 q - a +0 hand axe of electrocution
Armour
 c - a +0 kite shield (worn)
 h - a +0 robe (worn)
 n - a +0 cloak (worn)
Jewellery
 f - an amulet of regeneration (around neck)
Scrolls
 e - a scroll of amnesia
 k - a scroll of teleportation
 p - a scroll of identify
 r - a scroll of butterflies {unknown}
 t - a scroll of poison {unknown}
Potions
 s - 2 potions of curing


   Skills:
 + Level 5.2 Fighting
 + Level 4.5 Axes
 - Level 0.1 Ranged Weapons
 + Level 0.9 Throwing
 + Level 3.9 Dodging
 + Level 3.9 Shields


You had 5 spell levels left.
You didn't know any spells.
Your spell library contained the following spells:

 Spells                   Type           Power      Damage    Failure   Level
 Apportation              Tloc           0%         N/A       69%         1
 Necrotise                Necr           0%         1d4       69%         1
 Summon Small Mammal      Summ           0%         N/A       69%         1
 Conjure Flame            Conj/Fire      0%         6-21      96%         3
 Ignite Poison            Fire/Tmut/Pois 0%         N/A       96%         3
 Sticky Flame             Conj/Fire      0%         2d3       100%        4


Dungeon Overview and Level Annotations

Branches:
Dungeon (6/15)             Temple (0/1) D:4

Altars:
Wu Jian

Shops:
D:3 :


Innate Abilities, Weirdness & Mutations

You are too large for most types of armour.
You have tough skin. (AC +1)


Message History

Your attack delay is about 1.4 (and is slowed by your shield).
Unknown command.
You barely miss the ogre.
The ogre hits you with a +0 giant club!!
You slash the ogre!
The ogre is heavily wounded.
You block the ogre's attack.
You hit the ogre.
The ogre is severely wounded.
The ogre hits you with a +0 giant club!!
* * * LOW HITPOINT WARNING * * *
You feel much better.
The ogre hits you with a +0 giant club!!
You hit the ogre but do no damage.
The ogre is severely wounded.
The ogre hits you with a +0 giant club!!
* * * LOW HITPOINT WARNING * * *
It was a potion of degeneration.
There was something very wrong with that liquid.
You feel weakened.
You feel dopey.
You feel clumsy. The ogre attacks as you move away!
The ogre hits you with a +0 giant club.
* * * LOW HITPOINT WARNING * * *
The ogre attacks as you move away! The ogre hits you with a +0 giant club.
* * * LOW HITPOINT WARNING * * *
Okay, then.
Unknown command.
As you read the scroll labelled UKHEEBL WEDI, it crumbles to dust.
It is a scroll of amnesia.
You feel forgetful for a moment. The ogre attacks as you move away!
You block the ogre's attack. The ogre attacks as you move away!
The ogre hits you with a +0 giant club!
* * * LOW HITPOINT WARNING * * *
Okay, then.
As you read the scroll labelled JIOXAJ IX UMIN, it crumbles to dust.
It is a scroll of identify.
k - a scroll of teleportation The ogre attacks as you move away!
The ogre hits you with a +0 giant club!
* * * LOW HITPOINT WARNING * * *
The ogre hits you with a +0 giant club!
You die...

#### #.###.# #.# #.#
#.# ###.### #.#
#.###.....#####
###.###.#..........<.
#.....#..[....#.###..
#.....###.#.###.# #.#
#.....# #.#.....# #.#
#..O..###.#########.#
#.<.@...............#
#####..##..†##...#...
#..####.#.###..##
###..####...# #.##
#.....##.###.###..#
#####.....#.## #.#...#
#...........# #......
#..##.)..)#.## ##.#...#
#..##.....##.###..#..##


You could see an ogre.

Vanquished Creatures
  An ogre (D:4)
  A scorpion (D:4)
  A hound (D:3)
  An iguana (D:4)
  A gnoll (D:5)
  7 adders
  A shadow imp (D:5)
  A worm (D:2)
  2 dart slugs (D:2)
  2 orcs (D:3)
  4 endoplasms
  2 giant cockroaches
  6 goblins
  5 hobgoblins
  3 jackals (D:3)
  6 quokkas
  6 ball pythons
  7 bats
  2 frilled lizards (D:3)
  7 kobolds
  3 rats
69 creatures vanquished.

Notes
Turn   | Place    | Note
-------+----------+-------------------------------------------
     0 | D:1      | whatisthis the Ogre Fighter began the quest for the Orb.
     0 | D:1      | Reached XP level 1. HP: 24/24 MP: 1/1
   122 | D:1      | Reached XP level 2. HP: 29/32 MP: 2/2
   719 | D:2      | Reached XP level 3. HP: 40/40 MP: 3/3
  1133 | D:2      | Found an ornate altar of the Wu Jian Council.
  1242 | D:3      | Found Qewkan's Book Boutique.
  1361 | D:3      | Reached XP level 4. HP: 49/49 MP: 4/4
  1969 | D:3      | Reached XP level 5. HP: 55/55 MP: 5/5
  2065 | D:4      | You fall into a shaft and drop 2 floors!
  2113 | D:5      | Entered Level 5 of the Dungeon
  2383 | D:4      | Noticed an ogre
  2410 | D:4      | Killed an ogre
  2411 | D:4      | Reached skill level 5 in Fighting
  2411 | D:4      | Reached XP level 6. HP: 46/66 MP: 6/6
  2457 | D:4      | Identified the +2 ring mail of Nigut {rPois rN+++ MP+9
                  | Int-3}
  2501 | D:4      | Found a staircase to the Ecumenical Temple.
  2533 | D:4      | HP: 2/66 [ogre/+0 giant club (16)]
  2534 | D:4      | Mangled by an ogre

Illustrated notes

Levels and vault maps discovered:
D:1:      psy_arrival_dodecagon, layout_loops_cross, grunt_decor_arrowhead
D:2:      layout_rooms, basic_altar, grunt_ministairs_15
D:3:      layout_rooms, serial_shops, shop, grunt_decor_junction
D:4:      layout_loops_ring, minmay_temple_entry_fiery
D:5:      layout_basic, makhleb_altar_promises_db, uniq_grinder
D:6:      layout_layer_cave, hellmonk_ghost_happy_afterlife, enter_ossuary_5,
          grunt_ministairs_9, nicolae_figureground_pulse

Skill      XL: |  1  2  3  4  5 |
---------------+----------------+-----
Dodging        | 3 |  3.9
Axes           | 3 4 |  4.5
Fighting       | 5 |  5.2
Ranged Weapons | |  0.1
Throwing       | |  0.9
Shields        | |  3.9

Action                   |  1- 3 |  4- 6 || total
-------------------------+-------+-------++-------
Melee: War axe           |   109 |   127 ||   236
 Fire: Sling             |     3 |       ||     3
Throw: Stone             |       |    33 ||    33
  Use: Potion            |       |     5 ||     5
       Scroll            |       |     2 ||     2
 Stab: Sleeping          |     2 |       ||     2
Armor: Robe              |    45 |    50 ||    95
Dodge: Dodged            |    44 |    60 ||   104
Block: Kite shield       |    61 |    58 ||   119
